 Dungeon Crawl Stone Soup version 0.28.0-47-ge53b351184 (webtiles) character file.

Game seed: 4350911132354377215

1 Bruhh the Magician (level 1, -1/15 HPs)
             Began as a Djinni Fire Elementalist on Apr 29, 2022.
             Slain by an adder (2 damage)
             ... on level 2 of the Dungeon.
             The game lasted 00:00:37 (197 turns).

Bruhh the Magician (Djinni Fire Elementalist)        Turns: 197, Time: 00:00:38

Health: -1/15      AC:  2    Str:  7    XL:     1   Next: 22%
Gold:   13         EV: 12    Int: 16    God:
                   SH:  0    Dex: 13

rFire   + + .      SeeInvis .   (no weapon)
rCold   x . .      Faith    .   (no shield)
rNeg    . . .      Spirit   .   a - +0 robe
rPois   ∞          Reflect  .   (no helmet)
rElec   .          Harm     .   (no cloak)
rCorr   .          Rampage  .   (no gloves)
Will    .....                   (boots unavailable)
Stlth   ++........              (no amulet)
HPRegen 0.05/turn               (no ring)
MPRegen 0.00/turn               (no ring)

@: flying
A: sickness immunity, fire resistance 2, cold vulnerability 1, float, innate
caster, HP casting, extra vitality 1
a: no special abilities


You were on level 2 of the Dungeon.
You visited 1 branch of the dungeon, and saw 2 of its levels.

You collected 13 gold pieces.

Inventory:

Armour
 a - a +0 robe (worn)


   Skills:
 - Level 2.1 Dodging
 - Level 1.5 Stealth
 + Level 2.4 Spellcasting


You couldn't memorise any spells.
You knew the following spells:

 Your Spells              Type           Power      Damage    Failure   Level
a - Foxfire               Conj/Fire      36%        2x1d5     7%          1
b - Scorch                Fire           18%        2d6       11%         2
c - Conjure Flame         Conj/Fire      9%         6-21      22%         3
d - Inner Flame           Hex/Fire       9%         N/A       22%         3
e - Flame Wave            Conj/Fire      9%         2d5       56%         4
Your spell library was empty.

Dungeon Overview and Level Annotations

Branches:
Dungeon (1/15)

Altars:


Innate Abilities, Weirdness & Mutations

You are immune to sickness and miasma.
You are immune to poison.
Your flesh is very heat resistant. (rF++)
You are vulnerable to cold. (rC-)
You float through the air rather than walking.
You learn spells naturally, not from books.
Your magical power is your life essence.
You have superior vitality. (+4 MHP)


Message History

The adder bites you.
You barely miss the adder.
The adder is moderately wounded.
The adder misses you. The adder completely misses you.
You miss the adder.
The adder is moderately wounded.
The frilled lizard bites you but does no damage.
The adder barely misses you.
You barely miss the adder.
The adder is moderately wounded.
The frilled lizard misses you. The adder bites you.
* * * LOW HITPOINT WARNING * * *
You are too injured to fight recklessly!
You are too injured to fight recklessly!
You are too injured to fight recklessly!
You are too injured to fight recklessly!
You are too injured to fight recklessly!
You are too injured to fight recklessly!
You are too injured to fight recklessly!
You are too injured to fight recklessly!
You are too injured to fight recklessly!
There are monsters nearby!
The frilled lizard unfolds its giant frill.
The adder bites you.
* * * LOW HITPOINT WARNING * * *
The adder bites you but does no damage.
Found 18 arrows and a robe.
The adder barely misses you.
You see here a +0 robe.
The frilled lizard barely misses you. The adder misses you.
An adder comes into view.
Found 12 gold pieces.
The adder moves out of view.
A ball python comes into view.
The ball python hisses angrily.
The adder bites you.
* * * LOW HITPOINT WARNING * * *
The adder closely misses you. The ball python barely misses you. x2
You closely miss the ball python. The adder bites you.
You die...

..###.# .# ... ......#
#.#...........
......###.#..........#
#..##................#
.....................#
......[..##$.........#
#######>.##..........#
#..##.....S....#
#.(.....lS@....#
##[#.#######.###
#.#... # #.####.# #.#
# ... ... ..


You could see an adder, a ball python and a frilled lizard.

Vanquished Creatures
  A bat (D:1)
  A frilled lizard (D:1)
2 creatures vanquished.

Notes
Turn   | Place    | Note
-------+----------+-------------------------------------------
     0 | D:1      | Bruhh the Djinni Fire Elementalist began the quest for the
                  | Orb.
     0 | D:1      | Reached XP level 1. HP: 15/15 MP: 0/0
   162 | D:1      | You are sucked into a shaft and drop 1 floor!
   197 | D:2      | Slain by an adder

Illustrated notes

Levels and vault maps discovered:
D:1:      psy_arrival_terrarium, layout_loops_ring,
          shapermc_ecumenical_altar_mp_highgroup
D:2:      layout_rooms, chequers_serial_rivers_room_b, uniq_jessica,
          uniq_natasha, uniq_crazy_yiuf_cottage

Action                   || total
-------------------------++-------
Melee: Unarmed           ||    22
       Punch             ||     1
 Stab: Sleeping          ||     1
Armor: Robe              ||     7
Dodge: Dodged            ||    24
